 Dungeon Crawl Stone Soup version 0.23-a0-373-g305c090 (webtiles) character file.

128 Gorice the Magician (level 5, 0/43 HPs)
             Began as a Gnoll Wanderer on Oct 25, 2018.
             Succumbed to a scorpion's poison
             ... on level 2 of the Dungeon.
             The game lasted 00:05:53 (2528 turns).

Gorice the Magician (Gnoll Wanderer)                Turns: 2528, Time: 00:05:54

Health: 0/43       AC:  6    Str: 16    XL:     5   Next: 12%
Magic:  12/12      EV: 11    Int: 15    God:
Gold:   65         SH:  0    Dex: 13    Spells: 14/14 levels left

rFire    . . .     SeeInvis .   a - +0 short sword
rCold    . . .     Gourm    .   (no shield)
rNeg     . . .     Faith    .   h - +0 ring mail
rPois    .         Spirit   .   (no helmet)
rElec    .         Reflect  .   (no cloak)
rCorr    .         Harm     .   (no gloves)
MR       .....     Rnd*Tele +   l - +0 pair of boots
Stlth    +.........             (no amulet)
HPRegen  0.14/turn              m - ring of teleportation (curse)
MPRegen  0.13/turn              (no ring)

@: lethally poisoned (0 -> -12)
A: distributed training, fangs 1, strong nose
a: no special abilities


You were on level 2 of the Dungeon.
You were hungry.

You visited 1 branch of the dungeon, and saw 2 of its levels.

You collected 65 gold pieces.

Inventory:

Hand Weapons
 a - a +0 short sword (weapon)
 b - a +0 hunting sling
 e - a +0 club
Missiles
 n - 11 sling bullets
 Y - 47 stones (quivered)
 Z - 2 throwing nets {!f}
Armour
 d - a +0 robe
 h - a +0 ring mail (worn)
 l - a +0 pair of boots (worn)
Jewellery
 m - a cursed ring of teleportation (left hand)
Wands
 j - a wand of flame (15)
Scrolls
 o - 4 scrolls of remove curse {unknown}
 p - a scroll of enchant armour {unknown}
 s - a scroll of random uselessness {unknown}
Potions
 c - a potion of mutation {!q}
 g - a potion of heal wounds {!q}
 i - 2 potions of resistance {!q}
 k - a potion of might {unknown}
 q - a potion of cancellation {unknown}
 t - a potion of berserk rage {unknown}
Comestibles
 f - 8 rations
 r - 5 chunks of flesh


   Skills:
 + Level 4.7 Fighting
 + Level 1.3 Short Blades
 + Level 1.3 Long Blades
 + Level 1.3 Axes
 + Level 1.3 Maces & Flails
 + Level 1.3 Polearms
 + Level 1.3 Staves
 + Level 1.3 Slings
 + Level 1.3 Bows
 + Level 4.7 Crossbows
 + Level 2.9 Throwing
 + Level 2.9 Armour
 + Level 1.3 Dodging
 + Level 1.3 Stealth
 + Level 1.3 Shields
 + Level 1.3 Unarmed Combat
 + Level 5.1 Spellcasting
 + Level 1.1 Conjurations
 + Level 1.1 Hexes
 + Level 1.1 Charms
 + Level 1.1 Summonings
 + Level 2.3 Necromancy
 + Level 1.1 Translocations
 + Level 1.1 Transmutations
 + Level 1.1 Fire Magic
 + Level 1.1 Ice Magic
 + Level 1.1 Air Magic
 + Level 1.1 Earth Magic
 + Level 1.1 Poison Magic
 + Level 1.5 Invocations
 + Level 2.9 Evocations


You had 14 spell levels left.
You didn't know any spells.
Your spell library contained the following spells:

 Spells                   Type           Power        Failure   Level  Hunger
 Beastly Appendage        Tmut           #.....       19%         1    None
 Infusion                 Chrm           #...         19%         1    None
 Regeneration             Chrm/Necr      #.........   41%         3    ###....
 Ignite Poison            Fire/Tmut/Pois #.......     50%         3    ###....


Dungeon Overview and Level Annotations

Branches:
Dungeon (2/15)

Altars:
Makhleb
Nemelex Xobeh


Innate Abilities, Weirdness & Mutations

Your experience applies equally to all skills.
You have very sharp teeth.
Your uncanny sense of smell can sniff out nearby items.


Message History

Damage: 1 (max 8) Unknown command.
You hit the scorpion.
You bite the scorpion, but do no damage.
The scorpion is severely wounded.
The scorpion stings you.
* * * LOW HITPOINT WARNING * * *
Unknown command.
Damage: 3 (max 8)
You hit the scorpion.
The scorpion is almost dead.
You feel sick. The scorpion stings you.
* * * LOW HITPOINT WARNING * * *
Unknown command.
Damage: 7 (max 8) Unknown command.
You hit the scorpion but do no damage.
The scorpion is almost dead.
The scorpion misses you.
Unknown command.
You barely miss the scorpion.
The scorpion is almost dead.
You feel sick. The scorpion stings you.
* * * LOW HITPOINT WARNING * * *
You are lethally poisoned!
The scorpion poisons you!
Damage: 2 (max 8)
You hit the scorpion but do no damage.
The scorpion is almost dead.
You are feeling hungry.
* * * LOW HITPOINT WARNING * * *
You feel sick. The scorpion stings you!
* * * LOW HITPOINT WARNING * * *
Damage: 9 (max 9)
You hit the scorpion.
You kill the scorpion!
Your Conjurations skill increases to level 1!
Your Hexes skill increases to level 1!
Your Charms skill increases to level 1!
Your Summonings skill increases to level 1!
Your Translocations skill increases to level 1!
Your Transmutations skill increases to level 1!
Your Fire Magic skill increases to level 1!
Your Ice Magic skill increases to level 1!
Your Air Magic skill increases to level 1!
Your Earth Magic skill increases to level 1!
Your Poison Magic skill increases to level 1!
You have reached level 5!
* * * LOW HITPOINT WARNING * * *
You feel sick.
You die...

#..# .# ....... #..## ##.#
#####... #
#...##########...#.......... #
##...................#####...
#####........#....#.#.### #..)
#......####....##..<# #...
..####.........##.### #..<
........######.##.# #####..)
.....#.## #..@.# # ####......#
####...# ##(.####.#....###>##
........... .((%.................
.#####.#...(##.####....#######.##
.# #.####.##.# #.... ##...
.#####.# .... #..#. ##....
.....#.# ... .>.##. #.....
.....#.####.## ...# #..####.....
.....#......###.##. ............


There were no monsters in sight!

Vanquished Creatures
  A scorpion (D:2)
  2 adders
  A worm (D:1)
  4 dart slugs (D:1)
  3 leopard geckos
  2 giant cockroaches (D:1)
  3 goblins (D:2)
  5 hobgoblins
  6 jackals (D:2)
  9 bats
  3 frilled lizards
  5 kobolds
  3 rats
47 creatures vanquished.

Notes
Turn   | Place    | Note
-------+----------+-------------------------------------------
     0 | D:1      | Gorice the Gnoll Wanderer began the quest for the Orb.
     0 | D:1      | Gorice set off with: a wand of flame (15), a +0 robe, a +0
                  | club, a ration
     0 | D:1      | Reached XP level 1. HP: 20/20 MP: 6/6
    79 | D:1      | Reached skill level 2 in Necromancy
    85 | D:1      | HP: 5/20 [leopard gecko (2)]
    88 | D:1      | HP: 1/20 [leopard gecko (3)]
    90 | D:1      | Reached XP level 2. HP: 2/26 MP: 7/7
   624 | D:1      | Found a sparkling altar of Nemelex Xobeh.
  1090 | D:1      | Reached XP level 3. HP: 25/31 MP: 9/9
  1242 | D:2      | Reached skill level 5 in Spellcasting
  1328 | D:1      | Reached skill level 1 in Invocations
  1694 | D:2      | Reached skill level 1 in Short Blades
  1694 | D:2      | Reached skill level 1 in Long Blades
  1694 | D:2      | Reached skill level 1 in Axes
  1694 | D:2      | Reached skill level 1 in Maces & Flails
  1694 | D:2      | Reached skill level 1 in Polearms
  1694 | D:2      | Reached skill level 1 in Staves
  1694 | D:2      | Reached skill level 1 in Slings
  1694 | D:2      | Reached skill level 1 in Bows
  1694 | D:2      | Reached skill level 1 in Dodging
  1694 | D:2      | Reached skill level 1 in Stealth
  1694 | D:2      | Reached skill level 1 in Shields
  1694 | D:2      | Reached skill level 1 in Unarmed Combat
  1727 | D:2      | Reached XP level 4. HP: 13/38 MP: 11/11
  1730 | D:2      | HP: 11/38 [poisoned by an adder]
  1738 | D:2      | HP: 10/38 [poisoned by an adder]
  2444 | D:2      | Found a burning altar of Makhleb.
  2525 | D:2      | HP: 11/38 [poisoned by a scorpion]
  2526 | D:2      | HP: 1/38 [scorpion (8)]
  2527 | D:2      | Reached skill level 1 in Conjurations
  2527 | D:2      | Reached skill level 1 in Hexes
  2527 | D:2      | Reached skill level 1 in Charms
  2527 | D:2      | Reached skill level 1 in Summonings
  2527 | D:2      | Reached skill level 1 in Translocations
  2527 | D:2      | Reached skill level 1 in Transmutations
  2527 | D:2      | Reached skill level 1 in Fire Magic
  2527 | D:2      | Reached skill level 1 in Ice Magic
  2527 | D:2      | Reached skill level 1 in Air Magic
  2527 | D:2      | Reached skill level 1 in Earth Magic
  2527 | D:2      | Reached skill level 1 in Poison Magic
  2527 | D:2      | Reached XP level 5. HP: 2/43 MP: 12/12
  2528 | D:2      | Succumbed to a scorpion's poison

Vault maps used:
D:1:      dpeg_arrival_line_fractal, nemelex_diamond_rough_becter
D:2:      bloody_makhleb, first_ration

Skill      XL: |  1  2  3  4 |
---------------+-------------+-----
Necromancy     | 2 |  2.3
Spellcasting   | 5 |  5.1
Invocations    | 1 |  1.5
Short Blades   | 1 |  1.3
Long Blades    | 1 |  1.3
Axes           | 1 |  1.3
Maces & Flails | 1 |  1.3
Polearms       | 1 |  1.3
Staves         | 1 |  1.3
Slings         | 1 |  1.3
Bows           | 1 |  1.3
Dodging        | 1 |  1.3
Stealth        | 1 |  1.3
Shields        | 1 |  1.3
Unarmed Combat | 1 |  1.3
Conjurations   | 1 |  1.1
Hexes          | 1 |  1.1
Charms         | 1 |  1.1
Summonings     | 1 |  1.1
Translocations | 1 |  1.1
Transmutations | 1 |  1.1
Fire Magic     | 1 |  1.1
Ice Magic      | 1 |  1.1
Air Magic      | 1 |  1.1
Earth Magic    | 1 |  1.1
Poison Magic   | 1 |  1.1
Fighting       | |  4.7
Crossbows      | |  4.7
Throwing       | |  2.9
Armour         | |  2.9
Evocations     | |  2.9

Action                   |  1- 3 |  4- 6 || total
-------------------------+-------+-------++-------
Melee: Club              |    63 |       ||    63
       Short sword       |   107 |    74 ||   181
       Bite              |    19 |    10 ||    29
       Punch             |       |     1 ||     1
 Fire: Hunting sling     |       |     4 ||     4
  Use: Scroll            |     1 |     2 ||     3
  Eat: Chunk             |     2 |     3 ||     5
Armor: Robe              |     4 |       ||     4
       Ring mail         |    70 |    34 ||   104
Dodge: Dodged            |   121 |    42 ||   163

Table legend:
 A = Non-vault XP
 B = Vault XP
 C = Vault XP percentage of total XP
 D = Non-vault monster count
 E = Vault monster count
 F = Vault count percentage of total count
                 A         B        C        D         E       F
            +---------+---------+-------+---------+---------+-------
      Total |     184 |       0 |   0.0 |      47 |       0 |   0.0
            +---------+---------+-------+---------+---------+-------
        D:1 |      60 |       0 |   0.0 |      21 |       0 |   0.0
        D:2 |     124 |       0 |   0.0 |      26 |       0 |   0.0
            +---------+---------+-------+---------+---------+-------

Table legend:
 A = Turns spent in this place as a percentage of turns spent in the entire game.
 B = Non-inter-level travel turns spent in this place as a percentage of non-inter-level travel turns spent in the entire game.
 C = Inter-level travel turns spent in this place as a percentage of turns spent in this place.
 D = Turns resting spent in this place as a percentage of non-inter-level travel turns spent in this place.
 E = Turns spent auto-exploring this place as a percentage of non-inter-level travel turns spent in this place.
 F = Non-inter-level travel turns spent in this place divided by the number of levels of this place that you've seen.
                   A       B       C       D       E      F
               +-------+-------+-------+-------+-------+----------------------
         Total | 100.0 | 100.0 |   1.8 |  46.1 |  20.3 | 1241.0
       Dungeon | 100.0 | 100.0 |   1.8 |  46.1 |  20.3 | 1241.0
               +-------+-------+-------+-------+-------+----------------------

Vault maps used:
D:1:      dpeg_arrival_line_fractal, nemelex_diamond_rough_becter
D:2:      bloody_makhleb, first_ration
